 Dungeon Crawl Stone Soup version 0.18.1-48-g4cf74bf (webtiles) character file.

108 ErikD the Charmwright (level 4, 0/30 HPs)
             Began as a High Elf Skald on Aug 2, 2016.
             Was an Initiate of Vehumet.
             Slain by an adder (3 damage)
             ... on level 2 of the Dungeon.
             The game lasted 00:15:49 (2469 turns).

ErikD the Charmwright (High Elf Skald)              Turns: 2469, Time: 00:15:50

Health: 0/30       AC:  7    Str: 12    XL:     4   Next: 58%
Magic:  9/9        EV:  9    Int: 15    God:    Vehumet [......]
Gold:   57         SH:  4    Dex: 15    Spells: 2 memorised, 5 levels left

rFire  . . .     SeeInvis .     a - +0 short sword
rCold  . . .     Gourm    .     p - +0 scale mail
rNeg   . . .     Faith    .     k - +0 buckler
rPois  .         Spirit   .     q - +0 helmet
rElec  .         Dismiss  .     (no cloak)
rCorr  .         Reflect  .     (no gloves)
SustAt .         Harm     .     (no boots)
MR     .....                    (no amulet)
Stlth  ..........               (no ring)
                                (no ring)

@: lethally poisoned (0 -> -2), drained, not resistant to hostile enchantments,
extremely unstealthy
A: no striking features
a: Renounce Religion


You were on level 2 of the Dungeon.
You worshipped Vehumet.
Vehumet was noncommittal.
You were not hungry.

You visited 1 branch of the dungeon, and saw 3 of its levels.

You collected 57 gold pieces.

Inventory:

Hand Weapons
 a - a +0 short sword (weapon)
 e - a +0 dagger
 j - a +0 whip
 o - a +0 dagger
Missiles
 h - 23 stones (quivered)
Armour
 b - a +0 leather armour
 i - a +0 leather armour
 k - a +0 buckler (worn)
 p - a +0 scale mail (worn)
 q - a +0 helmet (worn)
Jewellery
 s - an uncursed ring of sustain attributes {unknown}
Potions
 f - 2 potions of curing
 g - 2 potions of resistance {unknown}
 l - a potion of cure mutation {unknown}
 m - 2 potions of heal wounds {unknown}
Books
 c - a book of Battle

   Spells                             Type                      Level
   a - Infusion                       Charms                       1
   b - Shroud of Golubria             Charms/Translocation         2
   c - Song of Slaying                Charms                       2
   d - Spectral Weapon                Hexes/Charms                 3
   e - Regeneration                   Charms/Necromancy            3
Comestibles
 d - a meat ration
 r - 2 bread rations


   Skills:
 + Level 2.5(2.3) Fighting
 + Level 2.8(2.7) Short Blades
 + Level 0.4(0.2) Throwing
 + Level 1.6(1.5) Armour
 + Level 2.3(2.1) Dodging
 + Level 0.6(0.5) Shields
 + Level 2.8(2.7) Spellcasting
 + Level 4.3(4.2) Charms


You had 5 spell levels left.
You knew the following spells:

 Your Spells              Type           Power        Failure   Level  Hunger
a - Infusion              Chrm           ##..         34%         1    #......
b - Song of Slaying       Chrm           ##......     56%         2    ##.....


Dungeon Overview and Level Annotations

Branches:
Dungeon (3/15)

Altars:
Qazlal
Vehumet

Annotations:
D:2 Crazy Yiuf


Message History

The adder bites you but does no damage.
You closely miss the adder. The adder barely misses you. x2
You miss the adder. You block the adder's attack. The adder closely misses you.
You block the adder's attack. The adder closely misses you.
You closely miss the adder.
You feel sick. The adder barely misses you. The adder closely misses you.
You hit the adder.
The adder is heavily wounded.
The adder bites you but does no damage. The adder closely misses you.
You miss the adder.
The adder is heavily wounded.
The adder bites you but does no damage. The adder misses you.
You block the adder's attack. The adder barely misses you.
You hit the adder.
The adder is almost dead.
The adder bites you but does no damage. x2
You closely miss the adder.
The adder is almost dead.
You feel sick. The adder bites you.
You die...

## #< #. #################.
#@S...............
#S###############. #r# #. #.# #.
#####.# #########.
###########.....#######.........
#.........†.....................
##.########.............#.######
#.# #.....######..#.#.....


You could see 2 adders and a rat.

Vanquished Creatures
  Ijyb (D:2)
  2 adders (D:2)
  An ooze (D:2)
  2 dart slugs (D:2)
  2 giant geckos (D:2)
  4 orcs (D:2)
  3 giant cockroaches (D:2)
  6 hobgoblins
  6 jackals
  2 quokkas (D:2)
  6 bats
  2 giant newts (D:2)
  4 goblins
  5 rats
46 creatures vanquished.

Notes
Turn   | Place    | Note
--------------------------------------------------------------
     0 | D:1      | ErikD the High Elf Skald began the quest for the Orb.
     0 | D:1      | Reached XP level 1. HP: 14/14 MP: 4/4
   463 | D:1      | Reached XP level 2. HP: 17/19 MP: 3/6
   493 | D:1      | Reached skill level 4 in Charms
  1019 | D:2      | Noticed Ijyb
  1030 | D:1      | Learned a level 2 spell: Song of Slaying
  1256 | D:2      | Reached XP level 3. HP: 24/25 MP: 6/8
  1263 | D:2      | Found a radiant altar of Vehumet.
  1277 | D:2      | Reached skill level 1 in Armour
  1308 | D:2      | Killed Ijyb
  1342 | D:2      | Reached XP level 4. HP: 15/30 MP: 2/9
  1547 | D:2      | Became a worshipper of Vehumet
  1709 | D:2      | Noticed Crazy Yiuf
  1758 | D:2      | Found a stormy altar of Qazlal.
  2469 | D:2      | Slain by an adder

Skill      XL: |  1  2  3 |
---------------+----------+-----
Charms         | 4 |  4.3
Armour         | 1 |  1.6
Dodging        | 2 |  2.3
Fighting       | |  2.5
Short Blades   | |  2.8
Throwing       | |  0.4
Shields        | |  0.6
Spellcasting   | |  2.8

Action                   |  1- 3 |  4- 6 || total
-------------------------+-------+-------++-------
Melee: Short sword       |   112 |    87 ||   199
Throw: Stone             |    21 |     8 ||    29
 Cast: Infusion          |     7 |     7 ||    14
  Use: Scroll            |     2 |     2 ||     4
       Potion            |     1 |       ||     1
  Eat: Bread ration      |     1 |       ||     1
       Meat ration       |       |     1 ||     1
Armor: Leather armour    |     8 |       ||     8
       Scale mail        |    46 |    64 ||   110
Dodge: Dodged            |    51 |    64 ||   115
Block: Buckler           |    20 |    23 ||    43
